 Dungeon Crawl Stone Soup version 0.20-a0-1116-gaa52201 (webtiles) character file.

1569 salapander the Spear-Bearer (level 8, -2/56 HPs)
             Began as a Merfolk Skald on May 7, 2017.
             Was an Initiate of Ashenzari.
             Killed by divine providence
             ... invoked by an orc priest
              (15 damage)
             ... on level 5 of the Dungeon.
             The game lasted 00:13:26 (9649 turns).

salapander the Spear-Bearer (Merfolk Skald)         Turns: 9649, Time: 00:13:26

Health: -2/56      AC:  5    Str: 12    XL:     8   Next: 90%
Magic:  5/11       EV: 12    Int: 14    God:    Ashenzari [......]
Gold:   177        SH:  0    Dex: 13    Spells: 5/11 levels left

rFire    . . .     SeeInvis .   a - +0 spear
rCold    . . .     Gourm    .   (no shield)
rNeg     . . .     Faith    .   b - +0 leather armour
rPois    .         Spirit   .   (no helmet)
rElec    .         Reflect  .   w - +0 cloak
rCorr    .         Harm     .   (no gloves)
MR       .....                  (no boots)
Stlth    +.........             (no amulet)
Regen    0.2/turn               (no ring)
MPRegen  0.2/turn               (no ring)

@: very slightly contaminated
A: change form in water, swift swim, stealthy swim, shaggy fur 1, wild magic 1
a: Curse Item, Renounce Religion


You were on level 5 of the Dungeon.
You worshipped Ashenzari.
Ashenzari was noncommittal.
You were very hungry.

You visited 2 branches of the dungeon, and saw 7 of its levels.

You collected 177 gold pieces.

Inventory:

Hand Weapons
 a - a +0 spear (weapon)
Armour
 b - a +0 leather armour (worn)
 w - a +0 cloak (worn)
Jewellery
 h - an uncursed ring of fire
 x - an uncursed ring of protection from magic
 y - a +3 ring of strength
 D - a +5 ring of dexterity
Wands
 l - a wand of polymorph (6/24)
Scrolls
 e - 2 scrolls of remove curse
 f - 5 scrolls of amnesia
 k - 2 scrolls of enchant armour
 m - a scroll of teleportation {unknown}
 n - a scroll of enchant weapon {unknown}
 o - 2 scrolls of fog
 p - a scroll of random uselessness {unknown}
 C - a scroll of immolation {unknown}
Potions
 g - a potion of lignification
 r - a potion of curing
 s - a potion of heal wounds {unknown}
 t - a potion of invisibility {unknown}
 v - 3 potions of flight {unknown}
 z - a potion of brilliance {unknown}
 A - a potion of agility {unknown}
 B - a potion of resistance {unknown}
Books
 c - a book of Battle

   Spells                             Type                      Level
   a - Infusion                       Charms                       1
   b - Shroud of Golubria             Charms/Translocation         2
   c - Song of Slaying                Charms                       2
   d - Spectral Weapon                Hexes/Charms                 3
   e - Regeneration                   Charms/Necromancy            3
 u - a book of Necromancy

   Spells                             Type                      Level
   a - Pain                           Necromancy                   1
   b - Animate Skeleton               Necromancy                   1
   c - Vampiric Draining              Necromancy                   3
   d - Regeneration                   Charms/Necromancy            3
   e - Animate Dead                   Necromancy                   4
   f - Control Undead                 Necromancy                   4
Comestibles
 d - 4 bread rations
 i - 3 meat rations
 j - a fruit
 q - 2 royal jellies


   Skills:
 - Level 2.1 Fighting
 + Level 9.1 Polearms
 - Level 0.6 Armour
 - Level 2.6 Dodging
 - Level 2.0 Spellcasting
 - Level 5.0 Hexes
 + Level 7.5 Charms
 - Level 3.0 Translocations


You had 5 spell levels left.
You knew the following spells:

 Your Spells              Type           Power        Failure   Level  Hunger
a - Infusion              Chrm           ####         2%          1    ##.....
b - Shroud of Golubria    Chrm/Tloc      ###.......   9%          2    ###....
c - Spectral Weapon       Hex/Chrm       ###.....     11%         3    ####...


Dungeon Overview and Level Annotations

Branches:
Dungeon (6/15)             Temple (1/1) D:4

Altars:
Ashenzari
Cheibriados
Dithmenos
Elyvilon
Fedhas
Gozag
Hepliaklqana
Kikubaaqudgha
Nemelex Xobeh
Okawaru
Qazlal
Ru
Sif Muna
Trog
Uskayaw
Vehumet
Wu Jian
Xom
Yredelemnul
The Shining One

Shops:
D:4 :


Innate Abilities, Weirdness & Mutations

You revert to your normal form in water.
You are very nimble and swift while swimming.
You are very stealthy in the water. (Stealth+)
You are covered in fur. (AC +1)
Your spells are a little harder to cast, but a little more powerful.


Message History

* * * LOW HITPOINT WARNING * * *
Attack whom?
Press: ? - help, Dir - move target cursor, f/p - orc priest
Aim: an orc priest, wielding a trident (heavily wounded)
The orc is in the way.
You hit the orc.
The orc is heavily wounded.
Your spectral weapon hits the orc from afar!
You kill the orc!
The giant cockroach bites you but does no damage.
The orc closely misses you.
Attack whom?
Press: ? - help, Dir - move target cursor, f/p - orc priest
Aim: an orc priest, wielding a trident (heavily wounded)
You reach to attack!
You closely miss the orc priest.
The orc priest is heavily wounded.
Your spectral weapon hits the orc priest!
The giant cockroach misses you.
The orc priest mumbles some strange prayers to Beogh against you.
Beogh smites you!
You die...

##.## ##.#....#.##.#..#.#
##.## #.#.##.#.##.##.#.# #...#
#........##......# #.#.#
##.....#######.### #...#
#.(...# #.# #.#.# ##..>..##
#.# #...# #..o(...# #.# ##.##
#..)so..# #.#
####.#####.##@##.# #.#
#..............#.# #.#
#.##.##..#.......# #.#
#.##.##..#.......######.# ##
#.##....................# .#
#.#####..#.......#############
.# #.#####..#.......#
#.......# .#
#................# #.#####.#
.############.......#
#.#...#.#


You could see an orc priest, an orc, a giant cockroach and a friendly spectral
spear.

Vanquished Creatures
  Grinder (D:3)
  The ghost of George the Slasher, an amateur DsFi (D:3)
  Menkaure (D:5)
  An ice beast (D:5)
  A centaur (D:5)
  2 bullfrogs
  A scorpion (D:5)
  A howler monkey (D:5)
  Crazy Yiuf (D:3)
  A bullfrog skeleton (D:3)
  A hound (D:5)
  A centaur skeleton (D:4)
  An iguana (D:6)
  Ijyb (D:3)
  Natasha (thrice) (D:2)
  2 worker ants
  9 gnolls
  12 adders
  A shadow imp (D:5)
  4 oozes
  An adder skeleton (D:5)
  3 worms
  2 dart slugs
  3 leopard geckos
  4 orcs
  3 ball pythons
  5 giant cockroaches
  19 goblins
  11 hobgoblins
  11 jackals
  16 kobolds
  2 quokkas
  7 bats
  8 frilled lizards
  A giant cockroach zombie (D:5)
  A jackal skeleton (D:4)
  A leopard gecko zombie (D:5)
  A quokka skeleton (D:5)
  8 rats
153 creatures vanquished.

Notes
Turn   | Place    | Note
-------+----------+-------------------------------------------
     0 | D:1      | salapander the Merfolk Skald began the quest for the Orb.
     0 | D:1      | Reached XP level 1. HP: 16/16 MP: 3/3
   272 | D:1      | Found a snail-covered altar of Cheibriados.
   298 | D:1      | Reached XP level 2. HP: 13/22 MP: 1/5
  1052 | D:1      | Reached XP level 3. HP: 20/27 MP: 0/6
  1813 | D:2      | Reached skill level 5 in Charms
  1817 | D:2      | Learned a level 2 spell: Shroud of Golubria
  1821 | D:2      | Learned a level 3 spell: Spectral Weapon
  2151 | D:2      | Reached XP level 4. HP: 32/33 MP: 7/7
  2359 | D:2      | Reached skill level 1 in Hexes
  2392 | D:2      | Noticed Natasha
  2397 | D:2      | Killed Natasha
  2397 | D:2      | Reached skill level 1 in Translocations
  2843 | D:3      | Reached XP level 5. HP: 38/38 MP: 3/8
  2860 | D:3      | Found an iron altar of Okawaru.
  2887 | D:3      | Noticed George's ghost (amateur DsFi)
  3905 | D:3      | Gained mutation: Your spells are a little harder to cast, but a little more powerful. [potion of mutation]
  3905 | D:3      | Gained mutation: You are covered in fur. (AC +1) [potion of mutation]
  4229 | D:4      | Reached XP level 6. HP: 35/44 MP: 2/9
  4358 | D:4      | Reached skill level 4 in Polearms
  4438 | D:4      | Found Goizoc's Book Shoppe.
  4663 | D:4      | Found a staircase to the Ecumenical Temple.
  4708 | Temple   | Entered the Ecumenical Temple
  4957 | Temple   | Became a worshipper of Ashenzari the Shackled
  5103 | D:4      | Found a bloodstained altar of Trog.
  5440 | D:3      | Noticed Grinder
  5827 | D:3      | Found a runed door.
  5832 | D:3      | Noticed Crazy Yiuf
  5841 | D:3      | Killed Crazy Yiuf
  5969 | D:3      | Reached XP level 7. HP: 50/50 MP: 7/10
  6326 | D:2      | Noticed Natasha
  6335 | D:2      | Killed Natasha
  6335 | D:2      | Reached skill level 5 in Polearms
  6402 | D:2      | Noticed Natasha
  6413 | D:2      | Killed Natasha
  7007 | D:3      | Killed George's ghost
  7007 | D:3      | Reached skill level 6 in Polearms
  7079 | D:3      | Noticed Ijyb
  7138 | D:3      | Killed Ijyb
  7399 | D:3      | Found a sacrificial altar of Ru.
  7503 | D:3      | Paralysed by Grinder for 6 turns
  7797 | D:3      | Paralysed by Grinder for 7 turns
  7808 | D:3      | Paralysed by Grinder for 4 turns
  7815 | D:3      | Paralysed by Grinder for 7 turns
  7822 | D:3      | Killed Grinder
  7822 | D:3      | Reached skill level 5 in Hexes
  7822 | D:3      | Reached XP level 8. HP: 56/56 MP: 4/11
  8005 | D:5      | Entered Level 5 of the Dungeon
  8024 | D:5      | Reached skill level 7 in Polearms
  8100 | D:5      | Noticed Menkaure
  8109 | D:5      | Killed Menkaure
  8381 | D:5      | Reached skill level 8 in Polearms
  9337 | D:5      | Reached skill level 9 in Polearms
  9649 | D:5      | Killed from afar by an orc priest

Vault maps used:
D:1:      lemuel_arrival_behind_the_door_small, cheibriados_altar_1
D:2:      uniq_natasha
D:3:      kennysheep_goblin_castle, nicolae_ru_path_of_blood, first_bread,
          okawaru_trees_1, uniq_ijyb, uniq_grinder, uniq_crazy_yiuf_cottage
D:4:      minmay_temple_entry_hall, serial_shops, shop, trog_hazing_becter
D:5:      uniq_menkaure
D:6:      chequers_ossuary_entry_cave
Temple:   dpeg_five_rooms_temple

Skill      XL: |  1  2  3  4  5  6  7  8 |
---------------+-------------------------+-----
Charms         | 4 5 6 7 |  7.5
Hexes          | 1 3 5 |  5.0
Translocations | 1 2 3 |  3.0
Polearms       | 4 6 9 |  9.1
Fighting       | |  2.1
Armour         | |  0.6
Dodging        | |  2.6
Spellcasting   | |  2.0

Action                   |  1- 3 |  4- 6 |  7- 9 || total
-------------------------+-------+-------+-------++-------
Melee: Spear             |   159 |   240 |   275 ||   674
       Tailslap          |       |     2 |       ||     2
       Unarmed           |       |    10 |    25 ||    35
 Cast: Infusion          |     5 |    26 |    18 ||    49
       Shroud of Golubri |       |     3 |     7 ||    10
       Spectral Weapon   |       |       |     4 ||     4
  Use: Potion            |       |     1 |     1 ||     2
       Scroll            |       |       |     5 ||     5
 Stab: Sleeping          |     2 |     1 |       ||     3
  Eat: Chunk             |     4 |    13 |    11 ||    28
       Fruit             |       |       |     1 ||     1
Armor: Leather armour    |    36 |    49 |    47 ||   132
       Skin              |       |       |    23 ||    23
Dodge: Dodged            |    69 |   153 |   124 ||   346
